AoeStats
← A Bá

Black Forest

508190186Analyzed
4v4 RM · 12d ago on Sep 21, 2026· 52m 37s· 8 players
Game mode
Random Map
Map size
Large (8 player)
Population
200
Speed
Normal
Resources
Standard
Victory
Conquest
Starting age
Dark Age
Ending age
Imperial Age
RankedLock teamsTeams togetherTeam positionsShared explorationLock speedFull tech treeHidden civsTurbo modeCheats
Victory
Defeat
🇫🇮 Mongols · Finland
1343
+11
🇺🇸 Gurjaras · United States
1273
+18
🇪🇸 Spanish · Spain
1260
+15
🇩🇪 Portuguese · Germany
1231
+16
🇨🇿 Koreans · Czechia
1350
-19
🇦🇺 Sicilians · Australia
1232
-14
🇸🇪 Saracens · Sweden
1184
-12
🇯🇵 Aztecs · Japan
1151
-11
hades
2:42 Loom
11:26 Feudal Age
12:02 Double-Bit Axe
16:34 Castle Age
17:43 Bow Saw
21:39 Horse Collar
23:38 Redemption
25:15 Forging
35:20 Imperial Age
32:56 Heavy Plow
32:53 Gold Mining
34:50 Wheelbarrow
34:11 Stone Mining
36:21 Conscription
37:21 Hand Cart
37:49 Iron Casting
37:20 Scale Barding Armor
36:36 Elite Conquistador
37:54 Stone Shaft Mining
38:20 Chemistry
37:30 Masonry
38:29 Bloodlines
38:19 Husbandry
38:54 Masonry
44:47 Blast Furnace
43:48 Scale Mail Armor
44:08 Chain Barding Armor
44:52 Two-Man Saw
44:18 Inquisition
44:53 Hoardings
43:49 Sappers
45:44 Supremacy
48:34 Plate Barding Armor
48:15 Chain Mail Armor
47:50 Fletching
48:01 Padded Archer Armor
48:33 Architecture
48:23 Ballistics
47:59 Murder Holes
51:47 Light Cavalry
52:14 Town Watch
52:42 Fortified Wall
52:22 Guard Tower
52:18 Arrowslits
52:54 Bombard Tower
52:00 Elite Skirmisher
52:45 Thumb Ring
52:02 Cavalier
52:04 Capped Ram
Rhythm_
6:34 Loom
11:40 Feudal Age
15:12 Castle Age
13:13 Double-Bit Axe
13:09 Horse Collar
16:05 Bow Saw
16:10 Heavy Plow
22:15 Wheelbarrow
23:40 Hand Cart
24:24 Gold Mining
24:49 Stone Mining
27:13 Gold Shaft Mining
29:30 Imperial Age
26:55 Treadmill Crane
27:36 Ballistics
27:08 Fletching
27:19 Padded Archer Armor
27:56 Bodkin Arrow
29:05 Leather Archer Armor
29:23 Bloodlines
29:13 Husbandry
30:13 Bracer
31:23 Chemistry
31:18 Crop Rotation
30:17 Elite Elephant Archer
30:24 Siege Elephant
31:48 Conscription
31:43 Kshatriyas
32:11 Thumb Ring
45:11 Coinage
44:41 Caravan
Chloroxid
2:15 Loom
11:08 Feudal Age
15:46 Castle Age
14:01 Double-Bit Axe
13:57 Horse Collar
14:48 Stone Mining
17:04 Bow Saw
23:58 Wheelbarrow
29:02 Imperial Age
26:38 Pikeman
27:36 Scale Barding Armor
27:32 Padded Archer Armor
27:22 Fletching
27:48 Forging
28:00 Hand Cart
28:56 Chain Barding Armor
28:22 Light Cavalry
29:16 Bloodlines
29:07 Husbandry
29:24 Gold Mining
29:36 Elite Organ Gun
31:46 Plate Barding Armor
32:00 Capped Ram
34:53 Two-Man Saw
35:21 Conscription
36:12 Chemistry
36:50 Iron Casting
37:07 Caravan
40:30 Masonry
40:01 Treadmill Crane
41:32 Blast Furnace
43:35 Two-Man Saw
42:40 Heavy Plow
47:21 Arquebus
48:05 Leather Archer Armor
48:25 Bodkin Arrow
48:51 Ballistics
49:02 Architecture
51:00 Crop Rotation
50:31 Bracer
51:02 Ring Archer Armor
50:33 Scale Mail Armor
50:55 Bombard Tower
50:26 Guard Tower
Full power No shower
0:53 Loom
13:16 Feudal Age
19:00 Castle Age
18:40 Stone Mining
18:41 Double-Bit Axe
32:43 Gold Mining
33:59 Bow Saw
36:32 Wheelbarrow
35:54 Horse Collar
44:00 Imperial Age
41:25 Fletching
42:05 Bodkin Arrow
43:20 Hand Cart
43:42 Gold Shaft Mining
44:04 Onager
45:06 Husbandry
45:17 Bloodlines
45:56 Siege Engineers
46:20 Drill
46:35 Thumb Ring
46:31 Bracer
46:22 Capped Ram
47:09 Siege Ram
49:15 Ballistics
48:46 Elite Mangudai
52:47 Chemistry
teshi
0:31 Loom
11:42 Feudal Age
16:10 Castle Age
15:14 Forging
15:30 Double-Bit Axe
16:00 Town Watch
17:44 Bow Saw
17:26 Gold Mining
18:36 Horse Collar
23:28 Sanctity
23:18 Fervor
26:03 Wheelbarrow
27:20 Town Patrol
32:20 Imperial Age
30:02 Eagle Warrior
30:44 Scale Mail Armor
30:25 Pikeman
31:16 Heavy Plow
32:01 Gold Shaft Mining
32:19 Squires
32:46 Redemption
32:58 Devotion
33:23 Conscription
33:12 Onager
35:51 Ballistics
35:45 Fortified Wall
36:15 Padded Archer Armor
36:17 Fletching
37:32 Block Printing
38:10 Treadmill Crane
42:37 Elite Skirmisher
Hans Solo
10:49 Feudal Age
16:09 Castle Age
14:33 Double-Bit Axe
15:36 Gold Mining
24:20 Bow Saw
25:02 Horse Collar
27:27 Heavy Plow
29:27 Gold Shaft Mining
30:39 Stone Mining
38:55 Imperial Age
37:20 Forging
37:56 Wheelbarrow
37:31 Scale Barding Armor
38:58 Iron Casting
39:20 Hand Cart
39:36 Loom
39:37 Town Watch
39:56 Scale Mail Armor
40:17 Chain Barding Armor
39:22 Elite Mameluke
40:24 Conscription
40:08 Husbandry
39:31 Light Cavalry
40:22 Bloodlines
41:44 Blast Furnace
A Bá
0:27 Loom
13:33 Feudal Age
15:46 Fletching
17:04 Gold Mining
17:15 Double-Bit Axe
18:43 Horse Collar
22:26 Scale Mail Armor
22:57 Arson
29:30 Castle Age
27:57 Stone Mining
30:06 Bodkin Arrow
34:30 Wheelbarrow
35:15 Bow Saw
36:04 Heavy Plow
36:44 Elite Skirmisher
40:43 Imperial Age
38:29 Padded Archer Armor
39:48 Leather Archer Armor
40:32 Stone Shaft Mining
40:49 Hand Cart
42:39 Conscription
43:01 Crop Rotation
43:16 Conscription
43:17 First Crusade
44:28 Chain Mail Armor
44:13 Bracer
44:58 Fervor
46:55 Chemistry
45:43 Arrowslits
46:31 Plate Mail Armor
47:29 Forging
46:41 Elite Serjeant
49:35 Ballistics
49:49 Masonry
Joseph90
5:24 Loom
12:37 Feudal Age
13:27 Double-Bit Axe
16:43 Castle Age
14:41 Horse Collar
18:40 Wheelbarrow
19:29 Bow Saw
19:46 Heavy Plow
23:49 Fletching
25:01 Gold Mining
30:09 Imperial Age
28:49 Ballistics
28:28 Bodkin Arrow
29:18 Scale Mail Armor
29:28 Forging
30:22 Hand Cart
29:53 Town Watch
29:37 Man-at-Arms
30:03 Gambesons
30:18 Squires
32:11 Chemistry
31:13 Bracer
31:51 Elite War Wagon
33:12 Conscription
32:38 Long Swordsman
33:38 Chain Mail Armor
33:59 Iron Casting
33:20 Pikeman
33:54 Elite Skirmisher
34:40 Thumb Ring
34:33 Halberdier
35:47 Plate Mail Armor
35:39 Masonry
35:36 Siege Engineers
35:20 Arrowslits
36:09 Conscription
35:57 Eupseong
Connection lost

Rejoining the realm…

Still unreachable

The connection could not be restored.

Session expired

The server has moved on; the page needs a fresh start.